 Dungeon Crawl Stone Soup version 0.20-a0-537-g052e6ba (webtiles) character file.

385 HarryHood the Skirmisher (level 6, -4/61 HPs)
             Began as a Gargoyle Berserker on Jan 28, 2017.
             Was a Priest of Trog.
             Slain by an ogre
             ... wielding a +0 giant spiked club
              (13 damage)
             ... on level 4 of the Dungeon.
             The game lasted 00:15:31 (3613 turns).

HarryHood the Skirmisher (Gargoyle Berserker)       Turns: 3613, Time: 00:15:32

Health: -4/61      AC: 15    Str: 26    XL:     6   Next: 77%
Magic:  6/6        EV:  9    Int:  7    God:    Trog [***...]
Gold:   229        SH:  0    Dex: 11    Spells: 5/5 levels left

rFire    + . .     SeeInvis .   a - +1 mace
rCold    . . .     Gourm    .   m - +0 chain mail
rNeg     + + .     Faith    .   (no shield)
rPois    ∞         Spirit   .   l - +1 hat
rElec    +         Reflect  .   q - +0 cloak
rCorr    .         Harm     .   (no gloves)
MR       .....                  (no boots)
Stlth    ..........             (no amulet)
Regen    0.2/turn               o - ring of positive energy
                                f - ring of protection from fire

@: berserking, very quick
A: negative energy resistance 1, electricity resistance, unbreathing,
petrification resistance, rot immunity, AC +4
a: Berserk, Trog's Hand, Burn Spellbooks, Renounce Religion


You were on level 4 of the Dungeon.
You worshipped Trog.
Trog was most pleased with you.
You were not hungry.

You visited 1 branch of the dungeon, and saw 4 of its levels.

You collected 229 gold pieces.

Inventory:

Hand Weapons
 a - a +1 mace (weapon)
Armour
 l - a +1 hat (worn)
 m - a +0 chain mail (worn)
 q - a +0 cloak (worn)
Jewellery
 f - a ring of protection from fire (left hand)
 o - a ring of positive energy (right hand)
Wands
 r - a wand of flame (20/48)
 t - a wand of polymorph (2/24) {@v1}
 w - a wand of disintegration (2/24) {@v2}
Scrolls
 d - 3 scrolls of recharging
 p - a scroll of teleportation {@r0}
 v - a scroll of noise {unknown}
 x - a scroll of remove curse {@r2}
Potions
 b - a potion of heal wounds {@q1}
 e - 2 potions of haste
 g - a potion of flight {unknown}
 h - a potion of curing {unknown}
 j - a potion of degeneration {unknown}
 k - a potion of mutation {unknown}
 u - a potion of brilliance {unknown}
Comestibles
 c - 4 bread rations {@e1}
 i - 2 meat rations {@e1}
 n - 2 royal jellies {=g@e3}
 s - a chunk of flesh


   Skills:
 - Level 6.0 Fighting
 * Level 5.7 Maces & Flails
 - Level 2.1 Armour
 - Level 1.5 Dodging


You had 5 spell levels left.
You didn't know any spells.

Dungeon Overview and Level Annotations

Branches:
Dungeon (4/15)
 Temple: D:4-7

Altars:
Cheibriados
Elyvilon
Zin
The Shining One


Innate Abilities, Weirdness & Mutations

You are resistant to torment.
Your stone body is resilient. (AC +4)
You are immune to poison.
You resist negative energy. (rN+)
You are resistant to electric shocks. (rElec)
You can survive without breathing.
You are immune to petrification.
You are immune to rotting.


Message History

Press: ? - help, Shift-Dir - straight line, f/p - ogre
Aim: an ogre, wielding a giant spiked club (moderately wounded, chance to defeat MR: 65%)
The ogre is blasted.
Evoking this partially-identified wand wasted a few charges.
The ogre hits you with a giant spiked club.
You hit the ogre.
The ogre is severely wounded.
The ogre hits you with a giant spiked club!
You hit the ogre.
The ogre is severely wounded.
The ogre hits you with a giant spiked club!!
Ouch! That really hurt!
* * * LOW HITPOINT WARNING * * *
You hit the ogre but do no damage.
The ogre is severely wounded.
A red film seems to cover your vision as you go berserk!
You feel yourself moving faster!
You feel mighty!
You feel quite a bit more hungry.
The ogre hits you with a giant spiked club!
You die...

#......#..#..........
#.####.######.......###...
#..............#.
######.######..#..
#.......... .. #.######..
#.# #.######.#..
#...@O....>. ############


You could see an ogre.

Vanquished Creatures
  A wolf (D:4)
  A killer bee (D:3)
  A crimson imp (D:4)
  A hound (D:4)
  2 iguanas (D:4)
  A worker ant (D:4)
  4 adders
  An ooze (D:3)
  2 worms
  A dart slug (D:3)
  A leopard gecko (D:1)
  4 orcs (D:4)
  9 bats
  3 giant cockroaches
  12 goblins
  8 hobgoblins
  3 jackals (D:3)
  2 frilled lizards (D:2)
  12 kobolds
  6 rats
75 creatures vanquished.

Notes
Turn   | Place    | Note
-------+----------+-------------------------------------------
     0 | D:1      | HarryHood the Gargoyle Berserker began the quest for the Orb.
     0 | D:1      | Reached XP level 1. HP: 14/14 MP: 1/1
   507 | D:1      | Reached XP level 2. HP: 20/20 MP: 2/2
   526 | D:1      | Found a glowing golden altar of the Shining One.
   570 | D:1      | Reached skill level 4 in Fighting
   789 | D:1      | Reached ** piety under Trog
  1027 | D:1      | Reached XP level 3. HP: 24/24 MP: 3/3
  1303 | D:2      | Found a snail-covered altar of Cheibriados.
  1401 | D:2      | Reached skill level 5 in Fighting
  1800 | D:3      | Reached XP level 4. HP: 27/31 MP: 4/4
  2148 | D:3      | Reached *** piety under Trog
  2211 | D:3      | Found a glowing silver altar of Zin.
  2376 | D:3      | Reached skill level 6 in Fighting
  2532 | D:3      | Reached XP level 5. HP: 17/36 MP: 5/5
  2923 | D:4      | Reached skill level 4 in Maces & Flails
  3026 | D:4      | Reached XP level 6. HP: 30/41 MP: 6/6
  3143 | D:4      | Reached skill level 5 in Maces & Flails
  3506 | D:4      | Found a white marble altar of Elyvilon.
  3613 | D:4      | Slain by an ogre

Vault maps used:
D:1:      dpeg_arrival_tiny_f, tso_altar
D:2:      old_standard_altar, nrook_mini_backslash, kennysheep_minor_cross
D:3:      cheibrodos_greedy_goblins, lemuel_crystal_altar,
          kennysheep_generic_room_16
D:4:      kennysheep_ying_yang, first_bread

Skill      XL: |  1  2  3  4  5  6 |
---------------+-------------------+-----
Fighting       | 4 5 6 |  6.0
Maces & Flails | 4 5 |  5.7
Armour         | |  2.1
Dodging        | |  1.5

Action                   |  1- 3 |  4- 6 || total
-------------------------+-------+-------++-------
Melee: Mace              |   135 |   170 ||   305
Invok: Berserk           |       |     2 ||     2
Evoke: Wand              |       |     6 ||     6
  Use: Scroll            |     5 |     6 ||    11
  Eat: Chunk             |     3 |     3 ||     6
       Bread ration      |       |     1 ||     1
Armor: Animal skin       |    44 |       ||    44
       Chain mail        |    12 |   100 ||   112
       Scale mail        |    10 |       ||    10
Dodge: Dodged            |   105 |    82 ||   187
